 Dungeon Crawl Stone Soup version 0.18.1-48-g4cf74bf (webtiles) character file.

65 theElss the Conjurer (level 3, -4/21 HPs)
             Began as a High Elf Conjurer on July 14, 2016.
             Was an Initiate of Vehumet.
             Engulfed by a cloud of flame (25 damage)
             ... on level 2 of the Dungeon.
             The game lasted 00:09:16 (2565 turns).

theElss the Conjurer (High Elf Conjurer)            Turns: 2565, Time: 00:09:17

Health: -4/21      AC:  3    Str:  8    XL:     3   Next: 92%
Magic:  8/8        EV: 13    Int: 18    God:    Vehumet [......]
Gold:   53         SH:  0    Dex: 16    Spells: 2 memorised, 5 levels left

rFire  . . .     SeeInvis .     k - +0 short sword
rCold  . . .     Gourm    .     a - +0 robe
rNeg   . . .     Faith    .     (no shield)
rPois  .         Spirit   .     (no helmet)
rElec  .         Dismiss  .     (no cloak)
rCorr  .         Reflect  .     l - +0 pair of gloves
SustAt .         Harm     .     (no boots)
MR     .....                    (no amulet)
Stlth  ++........               (no ring)
                                (no ring)

@: not resistant to hostile enchantments, unstealthy
A: no striking features
a: Renounce Religion


You were on level 2 of the Dungeon.
You worshipped Vehumet.
Vehumet was noncommittal.
You were not hungry.

You visited 1 branch of the dungeon, and saw 2 of its levels.

You collected 53 gold pieces.

Inventory:

Hand Weapons
 k - a +0 short sword (weapon)
Armour
 a - a +0 robe (worn)
 l - a +0 pair of gloves (worn)
Scrolls
 d - a scroll of teleportation
 n - 2 scrolls of identify {unknown}
 o - a scroll of magic mapping {unknown}
Potions
 e - 3 potions of brilliance {unknown}
 h - a potion of curing {unknown}
 i - a potion of agility {unknown}
 j - 2 potions of lignification {unknown}
Books
 b - a book of Conjurations

   Spells                             Type                      Level
   a - Magic Dart                     Conjuration                  1
   b - Searing Ray                    Conjuration                  2
   c - Dazzling Spray                 Conjuration/Hexes            3
   d - Fulminant Prism                Conjuration/Hexes            4
   e - Iskenderun's Mystic Blast      Conjuration                  4
   f - Iskenderun's Battlesphere      Conjuration/Charms           5
Comestibles
 c - a bread ration
 f - 7 fruits
 g - a beef jerky
 m - 3 chunks of flesh


   Skills:
 - Level 2.1 Dodging
 - Level 2.1 Stealth
 + Level 3.0 Spellcasting
 + Level 5.8 Conjurations


You had 5 spell levels left.
You knew the following spells:

 Your Spells              Type           Power        Failure   Level  Hunger
a - Magic Dart            Conj           ###.         1%          1    None
c - Searing Ray           Conj           ###...       1%          2    ##.....


Dungeon Overview and Level Annotations

Branches:
Dungeon (2/15)

Altars:
Vehumet

Annotations:
D:2 Robin


Message History

Aim: a goblin The magic dart hits the goblin.
You kill the goblin!
You start resting.
Magic restored.
Really walk into a travel-excluded area?
Found a large shield.
You see here a goblin corpse.
You butcher the goblin corpse.
m - 3 chunks of flesh (gained 1)
You see here a goblin skeleton.
Found a stone staircase leading down.
Really walk into a travel-excluded area?
o - a scroll labeled GIUFO WEUDEFI
There is a radiant altar of Vehumet here.
You kneel at the altar of Vehumet.
Vehumet welcomes you!
You are engulfed in roaring flames.
Ouch! That really hurt!
You die...

# ##..# # #.<# # #..#
# #..# # #..# #
#####..# # #..§...#
##§§.§§.# #...@.§.#
#..§.§§.# #
##..§....#
############..###..÷#
........>....## ##..#
##########.### #..# #
#.# #..# ######## #.#
#..####### ........
#.# #..[......


There were no monsters in sight!

Vanquished Creatures
  2 worms (D:2)
  A dart slug (D:2)
  A giant gecko (D:1)
  8 bats
  3 giant cockroaches (D:1)
  12 goblins
  10 hobgoblins
  A jackal (D:2)
  A giant newt (D:2)
  3 kobolds (D:1)
  7 rats
49 creatures vanquished.

Vanquished Creatures (others)
  3 jackals (D:2)
  A bat (D:2)
4 creatures vanquished.

Grand Total: 53 creatures vanquished

Notes
Turn   | Place    | Note
--------------------------------------------------------------
     0 | D:1      | theElss the High Elf Conjurer began the quest for the Orb.
     0 | D:1      | Reached XP level 1. HP: 11/11 MP: 4/4
   286 | D:1      | Reached XP level 2. HP: 17/17 MP: 4/6
   309 | D:1      | Learned a level 2 spell: Searing Ray
   345 | D:1      | Reached skill level 5 in Conjurations
   918 | D:1      | Reached XP level 3. HP: 21/21 MP: 5/7
  1372 | D:2      | Noticed Robin
  1700 | D:2      | Found a radiant altar of Vehumet.
  2565 | D:2      | Became a worshipper of Vehumet
  2565 | D:2      | Engulfed by a cloud of flame

Skill      XL: |  1  2  3 |
---------------+----------+-----
Conjurations   | 5 |  5.8
Spellcasting   | 3 |  3.0
Dodging        | |  2.1
Stealth        | |  2.1

Action                   || total
-------------------------++-------
Melee: Short sword       ||     5
 Cast: Magic Dart        ||    77
       Searing Ray       ||     8
  Use: Scroll            ||     2
  Eat: Chunk             ||     5
Armor: Robe              ||     4
Dodge: Dodged            ||    21
